 Dungeon Crawl Stone Soup version 0.26-a0-651-gb41185065b (webtiles) character file.

Game seed: 7234114570017843940

9 Azzok the Digger (level 2, 15/19 HPs)
             Began as a Demonspawn Earth Elementalist on Oct 17, 2020.
             Quit the game on level 1 of the Dungeon.
             The game lasted 00:00:27 (186 turns).

Azzok the Digger (Demonspawn Earth Elementalist)     Turns: 186, Time: 00:00:27

Health: 15/19      AC:  2    Str:  8    XL:     2   Next: 3%
Magic:  5/5        EV: 12    Int: 16    God:
Gold:   5          SH:  0    Dex: 13    Spells: 4/5 levels left

rFire    + . .     SeeInvis .   d - +1 mace (vorpal)
rCold    . . .     Faith    .   (no shield)
rNeg     . . .     Spirit   .   c - +0 robe
rPois    .         Reflect  .   (no helmet)
rElec    .         Harm     .   (no cloak)
rCorr    .         Rampage  .   (no gloves)
MR       .....                  (no boots)
Stlth    ++........             (no amulet)
HPRegen  0.06/turn              (no ring)
MPRegen  0.09/turn              (no ring)

@: no status effects
A: fire resistance 1
a: no special abilities


You were on level 1 of the Dungeon.
You visited 1 branch of the dungeon, and saw 1 of its levels.

You collected 5 gold pieces.

Inventory:

Hand Weapons
 d - a +1 vorpal mace (weapon)
Missiles
 b - 32 stones (quivered)
Armour
 c - a +0 robe (worn)
Scrolls
 a - a scroll of enchant weapon {unknown}


   Skills:
 - Level 1.7 Dodging
 - Level 1.7 Stealth
 - Level 2.0 Spellcasting
   Level 0.8 Transmutations
 + Level 3.2 Earth Magic


You had 4 spell levels left.
You knew the following spells:

 Your Spells              Type           Power        Failure   Level
a - Sandblast             Erth           ##....       5%          1

Your spell library contained the following spells:

 Spells                   Type           Power        Failure   Level
 Passwall                 Tmut/Erth      #.......     14%         2
 Stone Arrow              Conj/Erth      #.....       32%         3
 Petrify                  Tmut/Erth      #.......     65%         4
 Lee's Rapid Deconstruct  Erth           ##........   83%         5


Dungeon Overview and Level Annotations

Branches:
Dungeon (1/15)

Altars:


Innate Abilities, Weirdness & Mutations

Your flesh is heat resistant. (rF+)


Message History

Your Earth Magic skill increases to level 3!
A kobold comes into view.
The kobold throws a stone.
The stone hits you but does no damage.
Things that are here:
a stone; a dart slug corpse A kobold is nearby!
Things that are here:
a +0 club; a rat corpse You see here 21 poisoned darts.
A kobold is nearby!
You hit the kobold.
You kill the kobold!
b - 32 stones (gained 2)
A giant cockroach comes into view.
You hit the giant cockroach.
You kill the giant cockroach!
You have reached level 2!
Your demonic ancestry asserts itself...
You feel resistant to heat.
Are you sure you want to abandon this character and quit the game? (Confirm with "yes".)

··▒ ▒·▒ ▒·▒ ▒·▒ ▒·▒
▒▒▒▒▒·▒▒▒▒▒▒ ▒▒▒▒▒▒▒▒▒▒▒▒▒
▒··········· ············▒▒▒
▒···········
········[··†@·▒▒▒▒··▒▒▒▒▒╬▒▒▒
············▒···▒▒··▒········
!·····▒·▒▒▒▒▒)▒(····▒········
···r··▒·▒ ▒·▒▒▒▒··▒········
····· ▒·▒ ▒·▒ ▒··▒····<···
····· ▒·▒ ▒(▒ ▒··▒········
···· ··········▒▒··▒········
···· ▒·········▒▒··╬········
▒·········▒▒(·▒▒▒▒'▒▒▒▒


There were no monsters in sight!

Vanquished Creatures
  A dart slug (D:1)
  A giant cockroach (D:1)
  A hobgoblin (D:1)
  A kobold (D:1)
  3 rats (D:1)
7 creatures vanquished.

Notes
Turn   | Place    | Note
-------+----------+-------------------------------------------
     0 | D:1      | Azzok the Demonspawn Earth Elementalist began the quest for
                  | the Orb.
     0 | D:1      | Reached XP level 1. HP: 13/13 MP: 3/3
   112 | D:1      | Reached skill level 3 in Earth Magic
   185 | D:1      | Gained mutation: Your flesh is heat resistant. (rF+)
                  | [demonic ancestry]
   185 | D:1      | Reached XP level 2. HP: 15/19 MP: 5/5
   186 | D:1      | Quit the game

Illustrated notes

Levels and vault maps discovered:
D:1:      lemuel_arrival_room, layout_basic

Skill      XL: |  1 |
---------------+----+-----
Earth Magic    | 3 |  3.2
Dodging        | |  1.7
Stealth        | |  1.7
Spellcasting   | |  2.0
Transmutations | |  0.8

Action                   || total
-------------------------++-------
Melee: Mace              ||    12
       Unarmed           ||     1
Armor: Robe              ||     2
Dodge: Dodged            ||     7

Table legend: (Time is in decaauts)
 A = Elapsed time spent in this place.
 B = Non-inter-level travel time spent in this place.
 C = Inter-level travel time spent in this place.
 D = Time resting spent in this place.
 E = Time spent auto-exploring this place.
 F = Levels seen in this place.
 G = Mean time per level.
                   A        B        C        D        E       F      G
               +--------+--------+--------+--------+--------+-----+--------+
         Total |    190 |    190 |      0 |      7 |    118 |   1 |  190.0 |
       Dungeon |    190 |    190 |      0 |      7 |    118 |   1 |  190.0 |
               +--------+--------+--------+--------+--------+-----+--------+

Top non-repeatable levels by time:
     D:1: 190 daAuts
